 Dungeon Crawl Stone Soup version 0.24.0-1-gfbc8707 (webtiles) character file.

Game seed: 5805115225861737749, levelgen mode: deterministic

1360 Fylament the Covered (level 8, -4/69 HPs)
             Began as a Minotaur Fighter on Jan 2, 2020.
             Was an Initiate of Trog.
             Slain by a merfolk impaler
             ... wielding a +0 trident
             ... created by the fury of Okawaru
              (9 damage)
             ... on level 7 of the Dungeon.
             The game lasted 01:02:18 (4856 turns).

Fylament the Covered (Minotaur Fighter)             Turns: 4856, Time: 01:02:18

Health: -4/69      AC: 19    Str: 24    XL:     8   Next: 37%
Magic:  7/7        EV:  6    Int:  5    God:    Trog [......]
Gold:   286        SH: 10    Dex: 11    Spells: 5/7 levels left

rFire    x . .     SeeInvis .   a - +2 hand axe (chop)
rCold    + . .     Gourm    .   c - +0 shield
rNeg     . . .     Faith    .   u - +1 plate armour
rPois    .         Spirit   .   (helmet restricted)
rElec    .         Reflect  .   (no cloak)
rCorr    .         Harm     .   (no gloves)
MR       .....                  l - +0 pair of boots
Stlth    ..........             (no amulet)
HPRegen  0.21/turn              E - ring of ice
MPRegen  0.10/turn              (no ring)

@: no status effects
A: retaliatory headbutt, claws 1, horns 2, slimy green scales 1, thin metallic
scales 1, agile 1
a: Renounce Religion


You were on level 7 of the Dungeon.
You worshipped Trog.
Trog was noncommittal.
You were not hungry.

You visited 2 branches of the dungeon, and saw 8 of its levels.

You collected 286 gold pieces.

Inventory:

Hand Weapons
 a - a +2 hand axe of chopping (weapon)
 h - a +0 spear
 p - a +0 whip
 q - a +2 short sword of venom
 v - a cursed -2 club
 x - a +0 hunting sling
 y - a +2 spear of chaos
 A - a +2 dagger of chaos
 B - a +2 dagger of chaos
 C - a +1 dagger of chaos
 D - a +6 dagger of chaos
 J - a +4 short sword
 P - a +0 hand axe
 R - a +0 spear
 Y - a +0 hand axe
Missiles
 i - 146 stones
 j - 61 arrows
 k - 35 sling bullets (quivered)
 n - 6 poisoned darts
 S - 70 bolts
 Z - 3 boomerangs
Armour
 b - a +1 scale mail
 c - a +0 shield (worn)
 d - a +0 scale mail
 l - a +0 pair of boots (worn)
 o - a +0 chain mail
 r - a +0 robe
 u - a +1 plate armour (worn)
 w - a +0 leather armour
 I - a +0 leather armour
 L - a +0 robe
 M - a +0 scale mail
 N - a +0 scale mail
 O - a +0 leather armour
 Q - a +0 leather armour
 U - a +0 robe
 V - a +0 helmet
 X - a +0 leather armour
Jewellery
 s - a cursed amulet of inaccuracy
 E - a ring of ice (left claw)
Wands
 e - a wand of polymorph (2)
 T - a wand of flame (15)
Scrolls
 m - 4 scrolls of fear
 t - a scroll of teleportation
 F - 4 scrolls of identify
 H - 2 scrolls of amnesia
Potions
 g - a potion of cancellation
 z - a potion of heal wounds
Comestibles
 f - 12 rations


   Skills:
 + Level 5.6 Fighting
 + Level 5.0(6.5) Axes
 + Level 6.4(7.2) Maces & Flails
 + Level 1.0 Throwing
 + Level 6.8 Armour
 + Level 2.4 Dodging
 + Level 0.5 Stealth
 + Level 5.9 Shields


You had 5 spell levels left.
You knew the following spells:

 Your Spells              Type           Power        Failure   Level  Hunger
a - Blink                 Tloc           N/A          100%        2    ###....

Your spell library contained the following spells:

 Spells                   Type           Power        Failure   Level  Hunger
 Magic Dart               Conj           #...         100%        1    ##.....
 Call Imp                 Summ           #.......     100%        2    ###....
 Slow                     Hex            #.......     100%        2    ###....
 Conjure Flame            Conj/Fire      #.......     100%        3    ####...
 Mephitic Cloud           Conj/Pois/Air  #.......     100%        3    ####...


Dungeon Overview and Level Annotations

Branches:
Dungeon (7/15)             Temple (1/1) D:6

Altars:
Ashenzari
Cheibriados
Dithmenos
Elyvilon
Fedhas
Kikubaaqudgha
Makhleb
Nemelex Xobeh
Okawaru
Ru
Sif Muna
Trog
Vehumet
Wu Jian
Xom
Yredelemnul
Zin

Annotations:
D:7 Menkaure


Innate Abilities, Weirdness & Mutations

You reflexively headbutt those who attack you in melee.
You have a pair of horns on your head.
You have sharp fingernails.
You are partially covered in slimy green scales. (AC +2)
You are partially covered in thin metallic scales. (AC +2)
You are agile. (Dex +2)


Message History

The merfolk impaler hits you from afar with a +0 trident!
The merfolk impaler hits you with a +0 trident!
The merfolk shouts!
You hit the merfolk impaler.
Your headbutt misses the merfolk impaler.
The merfolk impaler is lightly wounded.
The merfolk impaler hits you with a +0 trident!
* * * LOW HITPOINT WARNING * * *
The merfolk impaler hits you but does no damage.
Your shield and plate armour prevent you from hitting the merfolk impaler.
The merfolk impaler is lightly wounded.
The minotaur seems to regain its courage.
The minotaur throws a silver javelin.
The silver javelin pierces through you.
* * * LOW HITPOINT WARNING * * *
The silver sears you!
* * * LOW HITPOINT WARNING * * *
The silver javelin disappears in a puff of smoke!
You block the merfolk impaler's attack.
The merfolk impaler hits you with a +0 trident!
You die...

.≈###W≈≈≈###≈..#
≈≈≈≈≈≈≈≈≈ ...#
≈≈≈≈≈≈≈ ...#
#;≈≈≈###≈..#
#≈≈#...#..# #.
#.?#.⌠.#..##
#...#.(#..†#...#
###....###..#.#
.......m.m@..#.####
#.###.#.####......##
# ###...# ####.##..#
....## #....H...#
#.#..# #.##..#..#
#.##..# #.#..##..# #
##..##...##.. #
#..#..##.# #...##..#


You could see a minotaur, a merfolk impaler and a merfolk.

Vanquished Creatures
  A hippogriff (D:7)
  2 ice beasts (D:7)
  A black bear (D:6)
  A phantom (D:7)
  A centaur (D:7)
  A bullfrog (D:4)
  2 scorpions (D:6)
  A wight (D:4)
  2 crimson imps (D:6)
  2 hounds
  2 orc wizards
  2 iguanas
  5 worker ants
  A hound zombie (D:6)
  3 gnolls (D:3)
  11 adders
  2 oozes
  An adder skeleton (D:6)
  A worm (D:3)
  6 dart slugs
  3 leopard geckos
  24 orcs
  6 giant cockroaches
  7 goblins
  3 hobgoblins
  6 jackals
  5 quokkas
  11 bats
  5 frilled lizards
  6 kobolds
  A quokka skeleton (D:6)
  9 rats
134 creatures vanquished.

Vanquished Creatures (others)
  2 fungi (D:6)
2 creatures vanquished.

Grand Total: 136 creatures vanquished

Notes
Turn   | Place    | Note
-------+----------+-------------------------------------------
     0 | D:1      | Fylament the Minotaur Fighter began the quest for the Orb.
     0 | D:1      | Reached XP level 1. HP: 19/19 MP: 0/0
   456 | D:1      | Reached XP level 2. HP: 27/27 MP: 1/1
  1134 | D:2      | Reached XP level 3. HP: 33/33 MP: 2/2
  1135 | D:2      | Found a shattered altar of Ashenzari.
  1222 | D:2      | Reached XP level 4. HP: 22/40 MP: 3/3
  1449 | D:2      | Paralysed by an orc for 6 turns
  1915 | D:2      | Found a shimmering altar of Xom.
  2148 | D:3      | Reached skill level 1 in Dodging
  2351 | D:3      | Reached XP level 5. HP: 46/46 MP: 4/4
  2390 | D:3      | Reached skill level 1 in Throwing
  2488 | D:3      | Reached skill level 5 in Armour
  2530 | D:3      | Found an iron altar of Okawaru.
  2539 | D:3      | Became a worshipper of Warmaster Okawaru
  2708 | D:2      | Reached XP level 6. HP: 53/53 MP: 5/5
  2739 | D:2      | Learned a level 2 spell: Blink
  3288 | D:4      | Reached skill level 5 in Maces & Flails
  3540 | D:4      | Reached skill level 5 in Shields
  3656 | D:5      | Entered Level 5 of the Dungeon
  3710 | D:5      | Reached XP level 7. HP: 60/60 MP: 6/6
  3745 | D:6      | Found a burning altar of Makhleb.
  3790 | D:6      | Found a basalt altar of Yredelemnul.
  3865 | D:6      | Reached skill level 1 in Axes
  3909 | D:6      | Found a staircase to the Ecumenical Temple.
  3925 | D:6      | Reached * piety under Okawaru
  4056 | Temple   | Entered the Ecumenical Temple
  4092 | Temple   | Fell from the grace of Okawaru
  4092 | Temple   | Became a worshipper of Trog the Wrathful
  4343 | D:6      | Reached skill level 5 in Fighting
  4637 | D:7      | Reached XP level 8. HP: 68/68 MP: 7/7
  4679 | D:7      | Gained mutation: You are partially covered in thin metallic
                  | scales. (AC +2) [potion of mutation]
  4679 | D:7      | Gained mutation: You have sharp fingernails. [potion of
                  | mutation]
  4679 | D:7      | Gained mutation: You are partially covered in slimy green
                  | scales. (AC +2) [potion of mutation]
  4679 | D:7      | Gained mutation: You are agile. (Dex +2) [potion of
                  | mutation]
  4696 | D:7      | Noticed a hippogriff
  4697 | D:7      | Noticed Menkaure
  4705 | D:7      | Killed a hippogriff
  4785 | D:7      | Reached skill level 5 in Axes
  4846 | D:7      | Noticed a minotaur
  4846 | D:7      | Noticed a merfolk impaler
  4846 | D:7      | Noticed a merfolk
  4846 | D:7      | Noticed a merfolk
  4848 | D:7      | Noticed a merfolk
  4856 | D:7      | Slain by a merfolk impaler

Levels and vault maps discovered:
D:1:      minmay_arrival_arboretum_small, layout_loops_cross,
          skrybe_limestone_x, grunt_decor_one_mirror
D:2:      layout_rooms, tgw_xom, tso_altar, marbit_many_paths
D:3:      layout_loops_corners, nicolae_overflow_crystal_walls, first_ration
D:4:      layout_basic
D:5:      layout_basic, kennysheep_little_box,
          nicolae_gozag_cash_rules_everything_around_me, uniq_eustachio
D:6:      layout_loops_ring, bloody_makhleb, minmay_temple_entry_mini_moons,
          nicolae_ossuary_entry_ruins, serial_aquarium, aquarium_bridge_square
          [aquarium_subvault_bridge, aquarium_subvault_bridge,
          aquarium_subvault_window, aquarium_subvault_window],
          aquarium_window_fake, aquarium_window_2, aquarium_window_1,
          aquarium_window_2, aquarium_view_2d, aquarium_view_2d, hex_tiny,
          lemuel_tele_altar
D:7:      layout_loops_ring, gammafunk_ghost_nasty_kobolds,
          minmay_parallelograms, fountainhead, uniq_menkaure
Temple:   dshaligram_water_room_temple

Skill      XL: |  1  2  3  4  5  6  7  8 |
---------------+-------------------------+-----
Armour         | 4 5 6 |  6.8
Shields        | 4 5 |  5.9
Fighting       | 4 5 |  5.6
Maces & Flails | 3 4 5 6 |  6.4
Dodging        | 1 2 |  2.4
Throwing       | 1 |  1.0
Axes           | 3 5 |  5.0
Stealth        | |  0.5

Action                   |  1- 3 |  4- 6 |  7- 9 || total
-------------------------+-------+-------+-------++-------
Melee: Flail             |    82 |   174 |       ||   256
       Headbutt          |     8 |    33 |    27 ||    68
       Hand axe          |       |    28 |   102 ||   130
Throw: Stone             |    17 |    13 |       ||    30
  Use: Scroll            |     5 |     5 |     3 ||    13
       Potion            |     3 |     1 |     7 ||    11
  Eat: Ration            |     1 |     2 |     1 ||     4
Armor: Scale mail        |    33 |   106 |     4 ||   143
       Plate armour      |       |       |    44 ||    44
Dodge: Dodged            |    30 |    56 |    24 ||   110
Block: Shield            |    44 |   102 |    42 ||   188
